 Dungeon Crawl Stone Soup version 0.30-a0-1094-g860fb061e7 (webtiles) character file.

Game seed: 8394861042186159009

7 Chudface the Magician (level 2, 0/22 HPs)
             Began as a Meteoran Wanderer on Apr 17, 2023.
             Slain by a hobgoblin (1 damage)
             ... on level 1 of the Dungeon.
             The game lasted 00:01:55 (174 turns).

Chudface the Magician (Meteoran Wanderer)            Turns: 174, Time: 00:01:56

Health: 0/22       AC:  3    Str: 10    XL:     2   Next: 23%
Magic:  7/9        EV: 13    Int: 14    God:
Gold:   36         SH:  0    Dex: 15    Spells: 10/11 levels left

rFire   + . .      SeeInvis .    a - +0 dagger
rCold   . . .      Faith    .    (no shield)
rNeg    . . .      Spirit   .    c - +0 robe
rPois   .          Reflect  .    d - +0 helmet
rElec   .          Rampage  .    (no cloak)
rCorr   .                        (no gloves)
Will    .....                    (no boots)
Stlth   +                        (no amulet)
HPRegen 0.23/turn                e - ring of protection from fire
MPRegen 0.11/turn                (no ring)

@: glowing
A: sense surroundings 1, otherworldly, glowing, explore regen
a: no special abilities


You were on level 1 of the Dungeon.
You visited 1 branch of the dungeon, and saw 2 of its levels.

You collected 36 gold pieces.

Inventory:

Hand Weapons
 a - a +0 dagger (weapon)
Armour
 c - a +0 robe (worn)
 d - a +0 helmet (worn)
Jewellery
 e - a ring of protection from fire (left hand)
Scrolls
 b - a scroll of fear
Potions
 f - 2 potions of haste {unknown}


   Skills:
 + Level 0.9 Fighting
 + Level 2.7 Dodging
 - Level 5.3 Spellcasting
 - Level 2.4 Hexes
 + Level 2.7 Summonings


You had 10 spell levels left.
You knew the following spells:

 Your Spells              Type           Power      Damage    Failure   Level
a - Summon Small Mammal   Summ           44%        N/A       5%          1

Your spell library contained the following spells:

 Spells                   Type           Power      Damage    Failure   Level
 Slow                     Hex            40%        N/A       6%          1
 Summon Guardian Golem    Hex/Summ       10%        N/A       19%         3
 Tukima's Dance           Hex            10%        N/A       19%         3
 Cause Fear               Hex            5%         N/A       54%         4


Dungeon Overview and Level Annotations

Branches:
Dungeon (2/15) Zot: 1025

Altars:


Innate Abilities, Weirdness & Mutations

You passively map a small area around you.
You are easily found by Zot.
You glow in the dark.
You regain HP and MP as you explore.


Message History

Your quokka closely misses the ball python.
The hobgoblin completely misses you.
You hit the hobgoblin but do no damage.
The hobgoblin is moderately wounded.
The ball python barely misses your quokka.
The ball python constricts your quokka.
Your quokka closely misses the ball python.
The hobgoblin hits you.
You completely miss the hobgoblin.
The hobgoblin is moderately wounded.
The ball python barely misses your quokka.
The ball python constricts your quokka.
Your quokka barely misses the ball python.
The hobgoblin hits you.
You barely miss the hobgoblin.
The hobgoblin is moderately wounded.
The ball python bites your quokka. The ball python constricts your quokka.
Your quokka dies!
Your quokka's corpse disappears in a puff of smoke!
The hobgoblin closely misses you.
You closely miss the hobgoblin.
The hobgoblin is moderately wounded.
The hobgoblin barely misses you.
You closely miss the hobgoblin.
The hobgoblin is moderately wounded.
The hobgoblin hits you.
* * * LOW HITPOINT WARNING * * *
Casting: Summon Small Mammal (safe; 5% risk of failure)
Confirm with . or Enter, or press ? or * to list all spells.
The hobgoblin hits you.
* * * LOW HITPOINT WARNING * * *
You completely miss the hobgoblin.
The hobgoblin is moderately wounded.
The hobgoblin hits you.
* * * LOW HITPOINT WARNING * * *
You closely miss the hobgoblin.
The hobgoblin is moderately wounded.
Your quokka bites the hobgoblin but does no damage.
The hobgoblin hits you.
You die...

* * , * *, , ,
* *** , *, , ,
, ,, * * *
****, ,, ,, * *
* *, , ,
#######.## *, *
#@gS.....# , *
, #r#####.$# ,
... , #.# ,
,...# #.# *, *
, ..# #####.# *
* * ,..# ...#.#
* , ,,
#.##.###.#.# *
**
,#,#.##.......#
* , , *
#.#.######.###
*


You could see a hobgoblin (ally target), a ball python and a friendly quokka
(summoned).

Vanquished Creatures
  A bat (D:1)
  An endoplasm (D:1)
  A goblin (D:1)
  2 frilled lizards (D:1)
  A kobold (D:1)
6 creatures vanquished.

Vanquished Creatures (collateral kills)
  A giant cockroach (D:1)
1 creature vanquished.

Grand Total: 7 creatures vanquished

Notes
Turn   | Place    | Note
-------+----------+-------------------------------------------
     0 | D:1      | Chudface the Meteoran Wanderer began the quest for the Orb.
     0 | D:1      | Chudface set off with the following items: a +0 dagger, a
                  | scroll of fear, a +0 robe, a +0 helmet; and the following
                  | spells available to memorise: Slow, Summon Small Mammal,
                  | Summon Guardian Golem, Tukima's Dance, Cause Fear.
     0 | D:1      | Reached XP level 1. HP: 14/14 MP: 7/7
     2 | D:1      | Learned a level 1 spell: Summon Small Mammal
   103 | D:1      | Reached XP level 2. HP: 18/22 MP: 5/9
   173 | D:1      | HP: 1/22 [hobgoblin (2)]
   174 | D:1      | Slain by a hobgoblin

Illustrated notes

Levels and vault maps discovered:
D:1:      nagdon_arrival_zigzag_paths, layout_basic
D:2:      kennysheep_the_goblin_king, layout_loops_ring

Action                     || total
---------------------------++-------
  Melee: Dagger            ||    46
   Cast: Summon Small Mamm ||     8
 Armour: Robe              ||     5
  Dodge: Dodged            ||    25

Table legend: (Time is in decaauts)
 A = Elapsed time spent in this place.
 B = Non-inter-level travel time spent in this place.
 C = Inter-level travel time spent in this place.
 D = Time resting spent in this place.
 E = Time spent auto-exploring this place.
 F = Levels seen in this place.
 G = Mean time per level.
                   A        B        C        D        E       F      G
               +--------+--------+--------+--------+--------+-----+--------+
         Total |    173 |    173 |      0 |      0 |      0 |   2 |   86.5 |
       Dungeon |    173 |    173 |      0 |      0 |      0 |   2 |   86.5 |
               +--------+--------+--------+--------+--------+-----+--------+

Top non-repeatable levels by time:
     D:1: 172 daAuts
     D:2: 1 daAuts
